 Dungeon Crawl Stone Soup version 0.31-a0-188-g5e087ee2ca (webtiles) character file.

Game seed: 859237791807544042

72 qw the Shooter (level 4, -3/25 HPs)
             Began as a Deep Elf Hunter on June 23, 2023.
             Slain by a goblin
             ... wielding a +0 dagger
             ... led by Robin
              (5 damage)
             ... on level 2 of the Dungeon.
             The game lasted 00:00:34 (1368 turns).

qw the Shooter (Deep Elf Hunter)                    Turns: 1368, Time: 00:00:35

Health: -3/25      AC: 10    Str: 16    XL:     4   Next: 6%
Magic:  6/6        EV: 11    Int: 14    God:
Gold:   73         SH:  0    Dex: 18    Spells: 3/3 levels left

rFire   . . .        Y - +0 shortbow
rCold   . . .        (shield currently unavailable)
rNeg    . . .        f - +0 ring mail
rPois   .            m - +2 hat {Stlth+}
rElec   .            (no cloak)
rCorr   .            d - +0 pair of gloves
SInv    .            (no boots)
Will    .....        (no amulet)
Stlth   ++           e - +6 ring of strength
HPRegen 0.24/turn    (no ring)
MPRegen 0.10/turn

%: no passive effects
@: no status effects
A: iridescent scales 1
a: no special abilities


You were on level 2 of the Dungeon.
You visited 1 branch of the dungeon, and saw 2 of its levels.

You collected 73 gold pieces.


Innate Abilities, Weirdness & Mutations

You are partially covered in iridescent scales. (AC +2)


   Skills:
 - Level 1.5 Fighting
 + Level 7.5 Ranged Weapons
 - Level 2.4 Dodging
 - Level 1.2 Stealth


You had 3 spell levels left.
You didn't know any spells.
Your spell library was empty.

Inventory:

Hand Weapons
 Y - a +0 shortbow (weapon)
Armour
 d - a +0 pair of gloves (worn)
 f - a +0 ring mail (worn)
 m - a +2 hat of stealth (worn)
Jewellery
 e - a +6 ring of strength (left hand)
Scrolls
 b - a scroll of revelation {unknown}
 c - a scroll of silence {unknown}
 h - 2 scrolls of identify
Potions
 a - 2 potions of haste {unknown}
 g - a potion of enlightenment {unknown}
 i - 2 potions of curing {unknown}
 j - a potion of magic {unknown}
 k - a potion of might {unknown}
 l - a potion of mutation

Dungeon Overview and Level Annotations

Branches:
Dungeon (2/15)

Altars:

Annotations:
D:2 Robin


Message History

The goblin no longer looks unusually strong. x2
The goblin hits you but does no damage. The goblin hits you with a +0 club.
The goblin hits you but does no damage. Robin throws the goblin at you!
The hobgoblin barely misses you. The goblin hits you with a +0 dagger.
You shoot an arrow.
The arrow hits Robin but does no damage.
Robin is lightly wounded.
The goblin hits you but does no damage. The hobgoblin barely misses you.
The goblin hits you with a +0 dagger.
Robin roars a battlecry!
The goblins go into a battle-frenzy!
The hobgoblin hits you but does no damage.
The goblin hits you but does no damage.
You shoot an arrow.
The arrow hits Robin but does no damage.
Robin is lightly wounded.
The hobgoblin closely misses you. The goblin hits you with a +0 dagger.
Robin closely misses you. The goblin hits you but does no damage.
The hobgoblin misses you. The goblin barely misses you.
You shoot an arrow. The arrow hits Robin!
Robin is heavily wounded.
The goblin hits you with a +0 club. The hobgoblin closely misses you.
The goblin barely misses you. The hobgoblin hits you.
The goblin hits you but does no damage.
You shoot an arrow. The arrow hits Robin.
Robin is severely wounded.
The hobgoblin no longer looks unusually strong.
The goblin hits you but does no damage. The hobgoblin barely misses you.
The goblin hits you but does no damage. The hobgoblin barely misses you.
Robin roars a battlecry!
The hobgoblin goes into a battle-frenzy!
The goblin hits you but does no damage. The goblin closely misses you.
The hobgoblin barely misses you. The hobgoblin completely misses you.
The goblin hits you but does no damage.
You shoot an arrow. The arrow hits Robin.
Robin is severely wounded.
The goblin no longer looks unusually strong.
The hobgoblin no longer looks unusually strong.
The goblin hits you with a +0 dagger.
You die...

#.......##......# #....
#.......##......# #....
#.......##......# #....
#######.##......###....
#................
#.......##.......
#####>......++.......
#..g........##.......
#..g@g......##.......
#..ggg......##.......
#...g.......######...
#.....####### ####
#.....# #########
..)...# ........'
)..###.. ........# ....
.. #######'# #........


You could see Robin, 2 hobgoblins and 4 goblins.

Vanquished Creatures
  2 adders (D:2)
  2 dart slugs (D:1)
  4 endoplasms (D:1)
  2 giant cockroaches (D:1)
  10 goblins
  6 hobgoblins
  2 quokkas (D:1)
  5 ball pythons
  A bat (D:2)
  2 frilled lizards
  7 kobolds
  2 rats (D:2)
45 creatures vanquished.

Notes
Turn   | Place    | Note
-------+----------+-------------------------------------------
     0 | D:1      | qw the Deep Elf Hunter began the quest for the Orb.
     0 | D:1      | Reached XP level 1. HP: 12/12 MP: 3/3
     0 | D:1      | 0 ||| qw: Version: 0.3-a-9-g12657ce
     0 | D:1      | 0 ||| qw: Game counter: 3088
     0 | D:1      | 0 ||| qw: Always use a shield: true
     0 | D:1      | 0 ||| qw: God list: Okawaru
     0 | D:1      | 0 ||| qw: Allow faded altars: false
     0 | D:1      | 0 ||| qw: Do Orc after D:15 true
     0 | D:1      | 0 ||| qw: Do second Lair branch before Depths: true
     0 | D:1      | 0 ||| qw: Lair rune preference: random
     0 | D:1      | 0 ||| qw: Plans: Normal
     0 | D:1      | 0 ||| PLANNING D:1-11
   113 | D:1      | Reached skill level 6 in Ranged Weapons
   113 | D:1      | Reached XP level 2. HP: 16/16 MP: 4/4
   114 | D:1      | Found a faded altar of an unknown god.
   463 | D:1      | HP: 4/16 [kobold/+2 dagger of speed (4)]
   518 | D:1      | Reached XP level 3. HP: 20/20 MP: 5/5
   919 | D:1      | 919 ||| UPGRADING to +0 pair of gloves.
   924 | D:1      | 924 ||| UPGRADING to +0 ring mail.
   934 | D:1      | 934 ||| DROPPING +0 leather armour.
   935 | D:1      | 935 ||| DROPPING +0 leather armour of positive energy.
   936 | D:1      | 936 ||| UPGRADING to +2 hat of stealth.
   941 | D:1      | 941 ||| UPGRADING to +6 ring of strength.
   942 | D:1      | 942 ||| READING 2 scrolls labelled GIESOP YTHROB.
   943 | D:1      | 943 ||| READING 2 scrolls labelled EMONLITHRUUM.
   944 | D:1      | 944 ||| DRINKING 2 fuming grey potions.
   944 | D:1      | Gained mutation: You are partially covered in iridescent
                  | scales. (AC +2) [potion of mutation]
   945 | D:1      | 945 ||| DROPPING scroll of fog.
   946 | D:1      | 946 ||| DROPPING scroll of butterflies.
  1135 | D:2      | Reached skill level 7 in Ranged Weapons
  1352 | D:2      | Noticed Robin
  1355 | D:2      | Reached XP level 4. HP: 22/25 MP: 6/6
  1366 | D:2      | HP: 6/25 [goblin/+0 club[Robin] (2)]
  1366 | D:2      | HP: 1/25 [hobgoblin[Robin] (5)]
  1368 | D:2      | Slain by a goblin

Levels and vault maps discovered:
D:1:      nagdon_arrival_double_spiral, layout_basic,
          hellmonk_ecumenical_altar_arch_garden, minmay_cupped
D:2:      wad_river_or_something, layout_basic, minmay_misc_feat_chi, uniq_robin

Skill      XL: |  1  2  3 |
---------------+----------+-----
Ranged Weapons | 6 7 |  7.5
Fighting       | |  1.5
Dodging        | |  2.4
Stealth        | |  1.2

Action                     |  1- 3 |  4- 6 || total
---------------------------+-------+-------++-------
   Fire: Shortbow          |   123 |    14 ||   137
    Use: Scroll            |     2 |       ||     2
         Potion            |     1 |       ||     1
 Armour: Leather armour    |     6 |       ||     6
         Ring mail         |    17 |    23 ||    40
  Dodge: Dodged            |    26 |    26 ||    52

Table legend:
 A = Non-vault XP
 B = Vault XP
 C = Vault XP percentage of total XP
 D = Non-vault monster count
 E = Vault monster count
 F = Vault count percentage of total count
                 A         B        C        D         E       F
            +---------+---------+-------+---------+---------+-------
      Total |      67 |      36 |  35.0 |      29 |      16 |  35.6
            +---------+---------+-------+---------+---------+-------
        D:1 |      44 |       3 |   6.4 |      22 |       2 |   8.3
        D:2 |      23 |      33 |  58.9 |       7 |      14 |  66.7
            +---------+---------+-------+---------+---------+-------
